[Event "Titled Tuesday Blitz July 25 Late 2023"]
[White "Serban, Cristian-Stefan"]
[Black "Winkels, Marcel"]
[WhiteFideId "1241443"]
[BlackFideId "1003887"]
[WhiteElo "2438"]
[BlackElo "2051"]
[Result "1-0"]
[Round "2"]
[TimeControl "180+2"]
[Date "2023.07.25"]
[WhiteClock "0:00:28"]
[BlackClock "0:00:00"]
[Board "198"]

1. d4 Nf6 2. Bf4 g6 3. Nc3 d5 4. e3 a6 5. h4 h5 6. Nf3 Bg7 7. Ne5 Nbd7 8. Qd2 O-O 9. O-O-O c5 10. dxc5 Nxc5 11. Nxd5 Nxd5 12. Qxd5 Qb6 13. Nc4 Qb5 14. Ne5 Qb6 15. Nc4 Qc6 16. Qxc6 bxc6 17. Be5 Be6 18. Bxg7 Kxg7 19. Ne5 Rfc8 20. f3 a5 21. Bc4 f6 22. Bxe6 Nxe6 23. Nc4 Nc5 24. Nb6 Rab8 25. Nxc8 Rxc8 26. Rd4 Ne6 27. Ra4 Ra8 28. Rd1 Kf7 29. c3 Nc5 30. Rc4 Ne6 31. Rxc6 a4 32. Rd7 a3 33. b4 Re8 34. g3 Nd8 35. Rcc7 Ke6 36. Rd4 Kf7 37. e4 Ne6 38. Rdd7 Nxc7 39. Rxc7 Rd8 40. Kc2 f5 41. b5 fxe4 42. fxe4 Rd6 43. c4 Re6 44. Kd3 Rd6+ 45. Ke3 Rd1 46. b6 Rb1 47. b7 Ke6 48. c5 Rb2 49. c6 Kd6 50. Rc8 Rb3+ 51. axb3 a2 52. b8=Q+ Ke6 53. Qa8 1-0


[Site "https://www.chess.com"]

[Event "Titled Tuesday Blitz July 25 Late 2023"]
[White "Reprintsev, Alexander"]
[Black "ilya2700"]
[WhiteFideId "14100541"]
[WhiteElo "2437"]
[BlackElo "2042"]
[Result "1-0"]
[Round "2"]
[TimeControl "180+2"]
[Date "2023.07.25"]
[WhiteClock "0:01:13"]
[BlackClock "0:00:02"]
[Board "199"]

1. e4 c5 2. b3 e6 3. Bb2 d5 4. exd5 exd5 5. Nf3 Nc6 6. Bb5 Nf6 7. Qe2+ Be7 8. Bxf6 gxf6 9. c4 Rg8 10. cxd5 Qxd5 11. Nc3 Qh5 12. O-O-O Rxg2 13. Rhe1 Be6 14. Qe4 Rc8 15. Ne5 fxe5 16. Qxg2 Bg4 17. Rxe5 Qxe5 18. Qxg4 Qe6 19. Qg8+ Kd7 20. Qxh7 a6 21. Bc4 Qf6 22. Qxf7 Nd4 23. Qxf6 Bxf6 24. Nd5 Rc6 25. Nxf6+ Rxf6 26. h4 Rxf2 27. Rh1 Rf6 28. h5 Rh6 29. Bf7 Ne2+ 30. Kc2 Nf4 31. Rh4 Ng2 32. Rg4 Ne1+ 33. Kd1 Nf3 34. Rg7 Kc6 35. Bg6 Ne5 36. Be4+ Kd6 37. Bxb7 Rxh5 38. Bxa6 Rh1+ 39. Kc2 Kc6 40. a4 Nd7 41. Bb5+ Kd5 42. Rxd7+ Ke4 43. Bc6+ Ke5 44. Bxh1 1-0


[Site "https://www.chess.com"]

[Event "Titled Tuesday Blitz July 25 Late 2023"]
[White "Blackwhite017"]
[Black "Silva Lucena, Cristian"]
[BlackFideId "2232588"]
[WhiteElo "2034"]
[BlackElo "2430"]
[Result "0-1"]
[Round "2"]
[TimeControl "180+2"]
[Date "2023.07.25"]
[WhiteClock "0:00:00"]
[BlackClock "0:00:46"]
[Board "200"]

1. e4 c5 2. Nf3 d6 3. g3 g6 4. Bg2 Bg7 5. O-O Nf6 6. d3 Nfd7 7. Qe2 O-O 8. c3 Nc6 9. h4 Rb8 10. Re1 b5 11. Be3 b4 12. d4 bxc3 13. bxc3 cxd4 14. cxd4 Qa5 15. Qd2 Qxd2 16. Nbxd2 Ba6 17. Rab1 Nb4 18. a3 Nc2 19. Rec1 Rxb1 20. Rxb1 Nb6 21. Rb2 Rc8 22. Bh3 Rc7 23. e5 Nxe3 24. fxe3 dxe5 25. Nxe5 Bxe5 26. dxe5 Nd5 27. e4 Nc3 28. Rb8+ Kg7 29. e6 f6 0-1


[Site "https://www.chess.com"]

[Event "Titled Tuesday Blitz July 25 Late 2023"]
[White "Baches Garcia, Guillermo"]
[Black "dorpato"]
[WhiteFideId "2209764"]
[WhiteElo "2430"]
[BlackElo "2034"]
[Result "1-0"]
[Round "2"]
[TimeControl "180+2"]
[Date "2023.07.25"]
[WhiteClock "0:00:33"]
[BlackClock "0:00:07"]
[Board "201"]

1. e4 c5 2. Nf3 d6 3. d4 cxd4 4. Nxd4 Nf6 5. Nc3 a6 6. Be3 e5 7. Nb3 Be7 8. f3 O-O 9. Qd2 Be6 10. O-O-O b5 11. g4 h6 12. h4 Nh7 13. Qf2 Nd7 14. Nd5 Bxd5 15. Rxd5 Rc8 16. Kb1 Qc7 17. Rd2 a5 18. Bxb5 Nc5 19. Nxc5 dxc5 20. Rd7 Qb6 21. a4 Bf6 22. g5 hxg5 23. hxg5 Bxg5 24. Bxg5 Nxg5 25. f4 Nxe4 26. Qg2 Nf6 27. Qh3 Nh5 28. Qxh5 Qh6 29. Qxh6 gxh6 30. fxe5 Kg7 31. e6 Rb8 32. e7 Rfe8 33. Ra7 1-0


[Site "https://www.chess.com"]

[Event "Titled Tuesday Blitz July 25 Late 2023"]
[White "Osiecki, Stanislaw"]
[Black "Pasti, Aron"]
[WhiteFideId "1102990"]
[BlackFideId "785857"]
[WhiteElo "2032"]
[BlackElo "2428"]
[Result "0-1"]
[Round "2"]
[TimeControl "180+2"]
[Date "2023.07.25"]
[WhiteClock "0:01:08"]
[BlackClock "0:01:13"]
[Board "202"]

1. e4 e5 2. Nf3 Nc6 3. Bb5 a6 4. Bxc6 dxc6 5. O-O Bg4 6. h3 h5 7. d3 Qf6 8. Be3 Ne7 9. Nbd2 O-O-O 10. Re1 Be6 11. Bg5 Qg6 12. Bxe7 Bxe7 13. Nxe5 Qf6 14. Nef3 Qxb2 15. Nb3 Bxb3 16. axb3 g5 17. Nh2 Qg7 18. Qf3 Rdg8 19. Qf5+ Kb8 20. f3 Qh6 21. Qxf7 Rg7 22. Qc4 g4 23. fxg4 hxg4 24. Nxg4 Rxg4 25. hxg4 Qh1+ 26. Kf2 Bh4+ 27. Ke2 Qxg2+ 28. Ke3 Qf2# 0-1


[Site "https://www.chess.com"]

[Event "Titled Tuesday Blitz July 25 Late 2023"]
[White "Olsson, William"]
[Black "Graham, Nathaniel"]
[WhiteFideId "1741721"]
[BlackFideId "2007983"]
[WhiteElo "2428"]
[BlackElo "2011"]
[Result "1-0"]
[Round "2"]
[TimeControl "180+2"]
[Date "2023.07.25"]
[WhiteClock "0:00:09"]
[BlackClock "0:00:00"]
[Board "203"]

1. c4 c5 2. g3 Nf6 3. Bg2 Nc6 4. Nc3 g6 5. a3 Bg7 6. Rb1 a5 7. e4 O-O 8. Nge2 Ne8 9. O-O Nc7 10. d3 Rb8 11. Be3 Ne6 12. Nd5 b5 13. cxb5 Rxb5 14. Nec3 Rb8 15. Qa4 Ned4 16. b4 axb4 17. axb4 cxb4 18. Nxb4 Nxb4 19. Bxd4 Bxd4 20. Rxb4 Rxb4 21. Qxb4 Bg7 22. d4 d6 23. Nd5 Be6 24. Nb6 Qc7 25. d5 Bg4 26. Rb1 Rb8 27. Bf1 Bf3 28. Bd3 1-0


[Site "https://www.chess.com"]

[Event "Titled Tuesday Blitz July 25 Late 2023"]
[White "zano2023"]
[Black "Sztokbant, Bernardo Vainzoff"]
[BlackFideId "2115956"]
[WhiteElo "2001"]
[BlackElo "2427"]
[Result "0-1"]
[Round "2"]
[TimeControl "180+2"]
[Date "2023.07.25"]
[WhiteClock "0:00:05"]
[BlackClock "0:00:20"]
[Board "204"]

1. d4 d5 2. Nf3 Nf6 3. Nbd2 Bf5 4. e3 e6 5. c4 c6 6. Qb3 Qb6 7. c5 Qxb3 8. axb3 Nbd7 9. b4 Be7 10. b5 O-O 11. b4 Ne4 12. Bb2 Bf6 13. Be2 Rfe8 14. O-O e5 15. bxc6 bxc6 16. Nxe4 dxe4 17. Nxe5 Nxe5 18. dxe5 Bxe5 19. Bxe5 Rxe5 20. Rfd1 Re7 21. Ra6 Rc7 22. Rd6 Bd7 23. h3 Rb8 24. Rd4 f5 25. Bc4+ Kf8 26. Rd2 Rxb4 27. Be2 Bc8 28. Ra5 Ke7 29. Ba6 Bxa6 30. Rxa6 Rb5 31. Rda2 Rxc5 32. Rxa7 Rxa7 33. Rxa7+ Kf6 34. Kh2 Rc2 35. Kg3 h6 36. h4 g5 37. h5 Ke5 38. Re7+ Kd5 39. Rf7 Ke6 40. Rh7 c5 41. Rxh6+ Ke5 42. Rc6 f4+ 43. exf4+ gxf4+ 44. Kh3 Kd5 45. Rf6 Rxf2 46. h6 e3 47. h7 e2 48. h8=Q e1=Q 49. Qd8+ Kc4 50. Qg8+ Kc3 51. Qd5 Qh1+ 52. Kg4 Rxg2+ 53. Kxf4 Rf2+ 54. Ke5 Qxd5+ 0-1


[Site "https://www.chess.com"]

[Event "Titled Tuesday Blitz July 25 Late 2023"]
[White "ArturoCaceres"]
[Black "Navyblue1"]
[WhiteElo "2425"]
[BlackElo "1949"]
[Result "1-0"]
[Round "2"]
[TimeControl "180+2"]
[Date "2023.07.25"]
[WhiteClock "0:00:12"]
[BlackClock "0:00:06"]
[Board "205"]

1. e4 c5 2. Nf3 d6 3. Bc4 e6 4. d3 a6 5. a4 Nc6 6. O-O Be7 7. Re1 Nf6 8. h3 O-O 9. Qe2 Nd7 10. c3 Rb8 11. Bb3 b5 12. axb5 axb5 13. d4 Na5 14. Bc2 cxd4 15. Nxd4 Qb6 16. Be3 Nc4 17. Nxe6 Nxe3 18. Nxf8 Nxc2 19. Nxd7 Bxd7 20. Qxc2 Be6 21. Nd2 Bf6 22. Nf3 Qc5 23. Qd2 h6 24. Nd4 b4 25. Nxe6 fxe6 26. cxb4 Rxb4 27. Ra8+ Kf7 28. Ra2 Qb6 29. Rc1 Rxb2 30. Rxb2 Qxb2 31. Qxb2 Bxb2 32. Rc2 Bd4 33. Kf1 e5 34. Ke2 Kf6 35. f3 Bc5 36. Kd3 g5 37. Kc4 Ke6 38. Ra2 h5 39. Ra8 h4 40. Rg8 Be3 41. Re8+ Kd7 42. Ra8 Ke6 43. Ra3 Bf4 44. Ra2 Be3 45. Re2 Bf4 46. Re1 Bg3 47. Rd1 Bf2 48. Rd5 Be3 49. Kb5 Bc1 50. Kc6 Ba3 51. Ra5 Bb4 52. Ra4 Bd2 53. Ra8 Bb4 54. Rg8 Bd2 55. Re8+ Kf7 56. Rd8 Bf4 57. Rxd6 Ke7 58. Rd5 Ke6 59. Rd6+ Ke7 60. Rg6 Be3 61. Kd5 Bf4 62. Re6+ Kf7 63. Rxe5 Bxe5 64. Kxe5 Kg6 65. Ke6 Kg7 66. Kf5 Kf7 67. Kxg5 Ke6 68. Kxh4 Ke5 69. Kg3 1-0


[Site "https://www.chess.com"]

[Event "Titled Tuesday Blitz July 25 Late 2023"]
[White "Lutz, Igor Oscar"]
[Black "Mickiewicz, Piotr"]
[WhiteFideId "2110806"]
[BlackFideId "1114891"]
[WhiteElo "1929"]
[BlackElo "2424"]
[Result "0-1"]
[Round "2"]
[TimeControl "180+2"]
[Date "2023.07.25"]
[WhiteClock "0:00:00"]
[BlackClock "0:00:20"]
[Board "206"]

1. d4 Nf6 2. c4 e6 3. g3 Bb4+ 4. Bd2 Qe7 5. Bg2 O-O 6. Nf3 Nc6 7. O-O Bxd2 8. Nbxd2 d6 9. e4 e5 10. d5 Nb8 11. b4 a5 12. a3 Bg4 13. Qc2 Nbd7 14. Rfc1 b6 15. Nb3 a4 16. Nbd2 g6 17. h3 Bxf3 18. Bxf3 Ne8 19. Bg4 Ndf6 20. Bf3 Ng7 21. c5 bxc5 22. bxc5 Rfb8 23. cxd6 cxd6 24. Rab1 Nfe8 25. Rxb8 Rxb8 26. Qxa4 f5 27. Qc6 Qa7 28. a4 Rb2 29. Rc2 Qd4 30. exf5 gxf5 31. Bh5 Rxc2 32. Qxc2 Nxh5 33. Nf3 Qa1+ 34. Kg2 Nhg7 35. Ng5 Qd4 36. Qc8 Qxd5+ 37. Kg1 h6 38. Ne6 Qxe6 0-1


[Site "https://www.chess.com"]

[Event "Titled Tuesday Blitz July 25 Late 2023"]
[White "Gatterer, Florian"]
[Black "Burke, Paul"]
[WhiteFideId "811688"]
[BlackFideId "2605767"]
[WhiteElo "2424"]
[BlackElo "1914"]
[Result "1-0"]
[Round "2"]
[TimeControl "180+2"]
[Date "2023.07.25"]
[WhiteClock "0:01:45"]
[BlackClock "0:01:36"]
[Board "207"]

1. b3 a6 2. Bb2 d6 3. g3 Nd7 4. Bg2 Ngf6 5. d4 g6 6. Nf3 Bg7 7. O-O O-O 8. Re1 Re8 9. e4 e5 10. dxe5 dxe5 11. Nbd2 c6 12. Nc4 Qc7 13. Ba3 c5 14. Qd6 Qxd6 15. Nxd6 Re6 16. Rad1 Bf8 17. Nxc8 Rxc8 18. Bh3 Re7 19. Bb2 Rc7 20. a4 b5 21. axb5 axb5 22. Bf1 c4 23. bxc4 bxc4 24. Bc3 Re8 25. Ra1 Nc5 26. Bxe5 1-0


[Site "https://www.chess.com"]

[Event "Titled Tuesday Blitz July 25 Late 2023"]
[White "Eggleston, Thomas A"]
[Black "Masterisback04"]
[WhiteFideId "412139"]
[WhiteElo "2419"]
[BlackElo "1866"]
[Result "1-0"]
[Round "2"]
[TimeControl "180+2"]
[Date "2023.07.25"]
[WhiteClock "0:02:37"]
[BlackClock "0:02:28"]
[Board "208"]

1. e4 c6 2. d4 d5 3. exd5 cxd5 4. c4 Nf6 5. Nc3 dxc4 6. Bxc4 Bf5 7. Nf3 Nc6 8. O-O e6 9. Re1 Bd6 10. d5 Na5 11. Bb5+ Nd7 12. dxe6 fxe6 13. Qxd6 1-0


[Site "https://www.chess.com"]

[Event "Titled Tuesday Blitz July 25 Late 2023"]
[White "Fiorito, Joaquin"]
[Black "Nakamura, Hikaru"]
[WhiteFideId "180173"]
[BlackFideId "2016192"]
[WhiteElo "2798"]
[BlackElo "3271"]
[Result "0-1"]
[Round "3"]
[TimeControl "180+2"]
[Date "2023.07.25"]
[WhiteClock "0:00:22"]
[BlackClock "0:01:22"]
[Board "1"]

1. d4 a6 2. c4 e6 3. Nc3 d5 4. cxd5 exd5 5. Nf3 c6 6. Bf4 Bd6 7. Bxd6 Qxd6 8. e3 f5 9. Bd3 Nf6 10. O-O O-O 11. Ne5 Be6 12. f4 Nbd7 13. Rc1 Ne8 14. Na4 Ndf6 15. Qc2 g6 16. Nc5 Bc8 17. Qb3 Qe7 18. Na4 Nd6 19. Qa3 Re8 20. Nb6 Rb8 21. Qb3 Be6 22. Qc2 Kh8 23. b4 Rg8 24. a4 Qc7 25. Qc5 Qd8 26. Nbd7 Nde4 27. Bxe4 Nxe4 28. Qa5 Qxa5 29. bxa5 Bxd7 30. Nxd7 Rbd8 31. Ne5 Rg7 32. Rc2 Re8 33. Rb1 h6 34. Kf1 g5 35. g3 Kh7 36. Rb6 h5 37. Rcb2 Ree7 38. Nf3 g4 39. Nh4 Nd6 40. Kf2 Rgf7 41. Rc2 Nc4 42. Rb3 Nxa5 43. Ng2 Nxb3 0-1


[Site "https://www.chess.com"]

[Event "Titled Tuesday Blitz July 25 Late 2023"]
[White "Carlsen, Magnus"]
[Black "Troff, Kayden"]
[WhiteFideId "1503014"]
[BlackFideId "2047896"]
[WhiteElo "3261"]
[BlackElo "2797"]
[Result "1/2-1/2"]
[Round "3"]
[TimeControl "180+2"]
[Date "2023.07.25"]
[WhiteClock "0:00:05"]
[BlackClock "0:00:10"]
[Board "2"]

1. b3 a5 2. Nc3 g6 3. Bb2 Bg7 4. g3 d5 5. Bg2 c6 6. e4 dxe4 7. Qc1 e3 8. dxe3 Nf6 9. Nge2 O-O 10. O-O Nbd7 11. Rd1 Qc7 12. h3 Nb6 13. e4 a4 14. e5 Nfd5 15. Nxd5 Nxd5 16. c4 Nb4 17. Bc3 c5 18. a3 Na6 19. Nf4 Be6 20. Nxe6 fxe6 21. Qe3 axb3 22. Rab1 Rad8 23. Rxd8 Rxd8 24. Rxb3 b6 25. h4 Nb8 26. Qe4 Nd7 27. f4 Nf8 28. Kh2 Rd1 29. Bf3 Rd7 30. Qc6 Qd8 31. Qxb6 Qxb6 32. Rxb6 Rd3 33. Rb3 Rxf3 34. Kg2 Rd3 35. a4 Rd7 36. a5 Ra7 37. Rb6 Kf7 38. a6 Ra8 39. Be1 Ke8 40. Bf2 Nd7 41. Rxe6 Bf8 42. Rc6 Kd8 43. h5 Nb8 44. Rb6 Nxa6 45. hxg6 hxg6 46. Rxg6 Nc7 47. Bxc5 Kd7 48. f5 Ra5 49. e6+ Kc6 50. Rg8 Rxc5 51. Rxf8 Rxc4 52. Kf3 Kd6 53. g4 Ke5 54. Kg3 Rc3+ 55. Kh4 Nd5 56. Kg5 Rc4 57. Ra8 Rc5 58. Kg6 Nf6 59. g5 Ne4 60. Ra1 Rc6 61. Re1 Kf4 62. Rf1+ Ke5 63. Kf7 Nxg5+ 64. Kxe7 Nxe6 65. fxe6 Rxe6+ 66. Kd7 Rd6+ 67. Kc7 Re6 68. Re1+ Kf6 69. Rxe6+ Kxe6 1/2-1/2


[Site "https://www.chess.com"]

[Event "Titled Tuesday Blitz July 25 Late 2023"]
[White "Vachier-Lagrave, Maxime"]
[Black "Bauman_Guy"]
[WhiteFideId "623539"]
[WhiteElo "3151"]
[BlackElo "2791"]
[Result "1-0"]
[Round "3"]
[TimeControl "180+2"]
[Date "2023.07.25"]
[WhiteClock "0:00:07"]
[BlackClock "0:00:02"]
[Board "3"]

1. e4 c5 2. Ne2 Nc6 3. d4 cxd4 4. Nxd4 Nf6 5. Nc3 e6 6. a3 Bc5 7. Nb3 Bb6 8. Bd3 O-O 9. Qe2 d5 10. e5 Nd7 11. f4 f6 12. exf6 Qxf6 13. Bd2 Nc5 14. Nxc5 Bxc5 15. O-O-O Nd4 16. Qh5 g6 17. Qg4 e5 18. fxe5 Bxg4 19. exf6 Bxd1 20. Rxd1 Rad8 21. b4 Bb6 22. Bg5 Ne6 23. f7+ Kxf7 24. Bxd8 Rxd8 25. Be2 d4 26. Ne4 Kg7 27. g3 a5 28. Kb2 Nc7 29. Bc4 axb4 30. axb4 Nd5 31. Bxd5 Rxd5 32. Rd2 h5 33. Kb3 Rd7 34. c4 Re7 35. Nd6 h4 36. c5 Bc7 37. gxh4 Re3+ 38. Kc4 b6 39. Rxd4 bxc5 40. bxc5 Kf6 41. Kb5 Re1 42. Kc6 Bb8 43. Rb4 Ba7 44. Rb7 Bxc5 45. Kxc5 Re2 46. Rf7+ Ke6 47. Rf4 Rxh2 48. Nc4 Rg2 49. Re4+ Kf5 50. Kd5 Rg1 51. Ne3+ Kf6 52. Rf4+ Kg7 53. Rg4 Re1 54. Ke4 Kh6 55. Kf3 Kh5 56. Ng2 Rf1+ 57. Kg3 Kh6 58. Rg5 Rg1 59. Kh3 Rh1+ 60. Kg4 Rg1 61. Kg3 Kh7 62. Ra5 Kh6 63. Kh2 Rf1 64. Rb5 Rf5 65. Rxf5 gxf5 66. Nf4 Kg7 67. Kg3 Kf6 68. Kf3 Ke5 69. Ke3 Kf6 70. Kd4 1-0


[Site "https://www.chess.com"]

[Event "Titled Tuesday Blitz July 25 Late 2023"]
[White "Riehle, Marco"]
[Black "Firouzja, Alireza"]
[WhiteFideId "12904392"]
[BlackFideId "12573981"]
[WhiteElo "2791"]
[BlackElo "3114"]
[Result "1-0"]
[Round "3"]
[TimeControl "180+2"]
[Date "2023.07.25"]
[WhiteClock "0:00:23"]
[BlackClock "0:00:12"]
[Board "4"]

1. e4 c5 2. a3 g6 3. h4 Bg7 4. h5 Nc6 5. Nc3 e6 6. Bc4 Nge7 7. d3 d5 8. Ba2 Bxc3+ 9. bxc3 dxe4 10. hxg6 Nxg6 11. Be3 exd3 12. cxd3 b6 13. Nf3 Bb7 14. d4 cxd4 15. cxd4 Nce7 16. Bg5 Qd7 17. Bf6 Rg8 18. Rxh7 Qb5 19. a4 Qf5 20. Bxe7 Nxe7 21. Rh1 Rxg2 22. Rh8+ Ng8 23. d5 O-O-O 24. Kf1 Rg4 25. Nd4 Ba6+ 26. Nb5 Qg5 27. Qc2+ Kb8 28. Qc7+ Ka8 29. Qxa7# 1-0


[Site "https://www.chess.com"]

[Event "Titled Tuesday Blitz July 25 Late 2023"]
[White "Erigaisi Arjun"]
[Black "Oro, Faustino"]
[WhiteFideId "35009192"]
[BlackFideId "20000197"]
[WhiteElo "3088"]
[BlackElo "2787"]
[Result "1-0"]
[Round "3"]
[TimeControl "180+2"]
[Date "2023.07.25"]
[WhiteClock "0:00:25"]
[BlackClock "0:00:08"]
[Board "5"]

1. c4 e5 2. Nc3 Nf6 3. Nf3 Nc6 4. e3 Bb4 5. Nd5 Bc5 6. d4 exd4 7. exd4 Be7 8. a3 O-O 9. Bd3 d6 10. O-O Bg4 11. Be3 Nxd5 12. cxd5 Nb8 13. h3 Bh5 14. Be2 Nd7 15. Nd2 Bxe2 16. Qxe2 Nf6 17. Qb5 Qd7 18. Qb3 Rab8 19. Bg5 c6 20. dxc6 bxc6 21. Qc2 Nd5 22. Bxe7 Nxe7 23. Rfe1 Nf5 24. Nf3 h6 25. b4 Rfe8 26. Rac1 Rxe1+ 27. Rxe1 Ne7 28. Nh4 Nd5 29. Qf5 Qd8 30. Qg4 Qf6 31. Nf5 g6 32. Ng3 Kf8 33. Qd7 Rd8 34. Qxa7 Nf4 35. Qb6 d5 36. Rc1 Rd6 37. a4 h5 38. Re1 h4 39. Nf1 Qg5 40. g3 hxg3 41. fxg3 Nxh3+ 42. Kg2 Nf4+ 43. Kf3 Ne6 44. Qb8+ Rd8 45. Qe5 Qe7 46. Qh8# 1-0


[Site "https://www.chess.com"]

[Event "Titled Tuesday Blitz July 25 Late 2023"]
[White "Fedoseev, Vladimir"]
[Black "Basso, Pier Luigi"]
[WhiteFideId "24130737"]
[BlackFideId "866970"]
[WhiteElo "3066"]
[BlackElo "2786"]
[Result "1-0"]
[Round "3"]
[TimeControl "180+2"]
[Date "2023.07.25"]
[WhiteClock "0:00:19"]
[BlackClock "0:00:11"]
[Board "6"]

1. g3 d5 2. Bg2 c6 3. d3 Nf6 4. Nd2 e5 5. e4 Bd6 6. Ngf3 O-O 7. O-O Re8 8. Re1 Nbd7 9. a3 a5 10. b3 h6 11. Bb2 d4 12. c3 c5 13. a4 b6 14. Nc4 Bc7 15. Qc2 Bb7 16. Rac1 Nf8 17. cxd4 exd4 18. Nh4 Ng6 19. Nxg6 fxg6 20. f4 Kh7 21. Rf1 Qd7 22. Rce1 b5 23. axb5 Qxb5 24. Ba3 Rab8 25. Rb1 Ba8 26. Bf3 Nd7 27. h4 Nf6 28. Kg2 Rbc8 29. Qd2 Rb8 30. Rfc1 Rbc8 31. Kh2 h5 32. Kg2 Ng4 33. Bxg4 hxg4 34. Qe2 Qd7 35. Bxc5 Bxf4 36. Nb6 Qf5 37. Nxc8 Bxc1 38. Nd6 Rxe4 39. Nxe4 Qxc5 40. Kh2 Be3 41. Nxc5 1-0


[Site "https://www.chess.com"]

[Event "Titled Tuesday Blitz July 25 Late 2023"]
[White "Bluebaum, Matthias"]
[Black "Pulpan, Jakub"]
[WhiteFideId "24651516"]
[BlackFideId "302759"]
[WhiteElo "3041"]
[BlackElo "2779"]
[Result "1-0"]
[Round "3"]
[TimeControl "180+2"]
[Date "2023.07.25"]
[WhiteClock "0:01:20"]
[BlackClock "0:00:13"]
[Board "7"]

1. d4 Nf6 2. c4 e6 3. Nc3 Bb4 4. e3 O-O 5. Bd2 b6 6. Nf3 Bb7 7. Bd3 c5 8. a3 Bxc3 9. Bxc3 cxd4 10. Nxd4 d5 11. O-O Nc6 12. Rc1 Nxd4 13. Bxd4 dxc4 14. Bxc4 Qe7 15. Qe2 Rfd8 16. Rfd1 h6 17. f3 Rac8 18. Bb3 Nd7 19. Bc2 Nf6 20. Bb1 Rxc1 21. Rxc1 e5 22. Bc3 Qe6 23. e4 Nd7 24. Rd1 Rc8 25. Bd3 Nc5 26. Bc4 Qe7 27. Bd5 Bxd5 28. Rxd5 f6 29. Qd1 Ne6 30. g3 Rd8 31. Kg2 Kh7 32. Qd3 Qe8 33. h4 Qg6 34. Kf2 Qe8 35. Rxd8 Nxd8 36. Qd5 Ne6 37. Ke3 Qc8 38. f4 Nc5 39. fxe5 Qh3 40. exf6 Qxg3+ 41. Kd2 Qg2+ 42. Kc1 Qh1+ 43. Kc2 Qxe4+ 44. Qxe4+ Nxe4 45. f7 1-0


[Site "https://www.chess.com"]

[Event "Titled Tuesday Blitz July 25 Late 2023"]
[White "Grischuk, Alexander"]
[Black "Wu, Derek"]
[WhiteFideId "4126025"]
[BlackFideId "30914558"]
[WhiteElo "3031"]
[BlackElo "2774"]
[Result "1-0"]
[Round "3"]
[TimeControl "180+2"]
[Date "2023.07.25"]
[WhiteClock "0:00:04"]
[BlackClock "0:00:05"]
[Board "8"]

1. Nf3 d5 2. g3 Nf6 3. Bg2 e6 4. O-O Be7 5. c4 O-O 6. d3 c5 7. cxd5 Nxd5 8. d4 Nc6 9. dxc5 Bxc5 10. a3 Be7 11. e4 Nb6 12. Nc3 e5 13. a4 a5 14. Qe2 Bg4 15. Be3 Nd4 16. Bxd4 exd4 17. Rfd1 Bc5 18. Nb5 Re8 19. h3 Bxf3 20. Bxf3 Qe7 21. Nxd4 Qe5 22. Nf5 g6 23. Ne3 Rad8 24. b3 Qe6 25. Rac1 Ba3 26. Rxd8 Rxd8 27. Rd1 Re8 28. Qb5 Rc8 29. Bg4 Qxe4 30. Bxc8 Nxc8 31. Rd8+ 1-0


[Site "https://www.chess.com"]

[Event "Titled Tuesday Blitz July 25 Late 2023"]
[White "Krishna C R G"]
[Black "Mamedov, Rauf"]
[WhiteFideId "5018625"]
[BlackFideId "13401653"]
[WhiteElo "2774"]
[BlackElo "3027"]
[Result "0-1"]
[Round "3"]
[TimeControl "180+2"]
[Date "2023.07.25"]
[WhiteClock "0:00:01"]
[BlackClock "0:00:55"]
[Board "9"]

1. d4 Nf6 2. Nf3 g6 3. Nc3 d5 4. Bf4 Bg7 5. e3 c5 6. dxc5 Nc6 7. Nd4 O-O 8. Nxc6 bxc6 9. Be5 Bh6 10. Be2 Nd7 11. Bg3 Bg7 12. O-O Nxc5 13. Rb1 Bf5 14. Bg4 Bxg4 15. Qxg4 Qc8 16. Qb4 Bxc3 17. Qxc3 Ne4 18. Qd4 Qa6 19. Bh4 f6 20. a3 e5 21. Qd1 Qb6 22. Re1 Rab8 23. f3 Nd6 24. Bf2 Rfd8 25. b3 Qc5 26. a4 Qc3 27. Qd3 Qxd3 28. cxd3 Rb6 29. e4 d4 30. Rec1 Rdb8 31. h4 Kf7 32. Be1 Ke6 33. b4 a5 34. b5 cxb5 35. Bxa5 R6b7 36. Bc7 Rc8 37. Bxd6 Rxc1+ 38. Rxc1 Kxd6 39. Rb1 Kc5 40. Rc1+ Kd6 41. Rb1 b4 42. Kf2 b3 43. Ke2 Kc5 44. Kd2 Kb4 45. Kc1 Rc7+ 46. Kd1 Rc3 47. Ke2 Rc2+ 48. Kf1 Ra2 0-1


[Site "https://www.chess.com"]

[Event "Titled Tuesday Blitz July 25 Late 2023"]
[White "Andreikin, Dmitry"]
[Black "Nenezic, Marko"]
[WhiteFideId "4158814"]
[BlackFideId "912123"]
[WhiteElo "3026"]
[BlackElo "2773"]
[Result "1-0"]
[Round "3"]
[TimeControl "180+2"]
[Date "2023.07.25"]
[WhiteClock "0:01:24"]
[BlackClock "0:00:16"]
[Board "10"]

1. d4 Nf6 2. c4 g6 3. Nc3 Bg7 4. e4 d6 5. h3 O-O 6. Be3 e5 7. d5 a5 8. Nf3 Na6 9. Nd2 Nc5 10. Be2 c6 11. O-O Bd7 12. b3 Ne8 13. a3 f5 14. b4 Na6 15. dxc6 bxc6 16. b5 f4 17. bxa6 fxe3 18. fxe3 Rxa6 19. c5 Ra8 20. Nc4 Rxf1+ 21. Bxf1 dxc5 22. Na4 Qe7 23. Nab6 Ra7 24. Qa4 Bh6 25. Rd1 Nf6 26. Be2 Be8 27. Nc8 Qc7 28. Nxa7 Qxa7 29. Rd8 Qe7 30. Qxa5 Nxe4 31. Qa8 Kf8 32. Bf3 Nf6 33. Bxc6 e4 34. Bxe8 Nxe8 35. Nd6 Bxe3+ 36. Kh1 Qf6 37. Rxe8+ Kg7 38. Rg8+ Kh6 39. Qf8+ 1-0


[Site "https://www.chess.com"]

[Event "Titled Tuesday Blitz July 25 Late 2023"]
[White "Bolourchifard, Farzad"]
[Black "Duda, Jan-Krzysztof"]
[WhiteFideId "12510084"]
[BlackFideId "1170546"]
[WhiteElo "2766"]
[BlackElo "3025"]
[Result "0-1"]
[Round "3"]
[TimeControl "180+2"]
[Date "2023.07.25"]
[WhiteClock "0:00:17"]
[BlackClock "0:02:08"]
[Board "11"]

1. d4 g6 2. Nf3 Bg7 3. Bg5 h6 4. Bh4 b6 5. e3 Bb7 6. Bd3 d6 7. Nbd2 Nd7 8. a4 a6 9. c3 g5 10. Bg3 e6 11. Qb3 h5 12. h3 g4 13. hxg4 hxg4 14. Rxh8 Bxh8 15. Ng1 Bxg2 16. e4 Qg5 17. O-O-O Ne7 18. Qc4 c5 19. Ne2 d5 20. exd5 Bxd5 21. Qxa6 Rxa6 22. Bxa6 cxd4 23. Bb5 dxc3 24. bxc3 Bc6 0-1


[Site "https://www.chess.com"]

[Event "Titled Tuesday Blitz July 25 Late 2023"]
[White "Paravyan, David"]
[Black "Mahdavi, Reza"]
[WhiteFideId "4194985"]
[BlackFideId "12595926"]
[WhiteElo "3022"]
[BlackElo "2764"]
[Result "0-1"]
[Round "3"]
[TimeControl "180+2"]
[Date "2023.07.25"]
[WhiteClock "0:00:42"]
[BlackClock "0:00:31"]
[Board "12"]

1. e4 c5 2. Nf3 d6 3. d4 cxd4 4. Nxd4 Nf6 5. Nc3 a6 6. h3 e5 7. Nb3 Be6 8. f4 g6 9. Qf3 Nc6 10. Be3 exf4 11. Qxf4 Nh5 12. Qf2 Be7 13. Kd1 Bh4 14. Qd2 Ng3 15. Rg1 O-O 16. Bd3 b5 17. a4 b4 18. Nd5 Bxd5 19. exd5 Ne5 20. a5 Re8 21. Bf4 Nxd3 22. cxd3 Ne2 23. Rf1 Rc8 24. Ra4 Qe7 25. Rxb4 Nxf4 26. Rbxf4 Bg5 27. Rxf7 Qxf7 28. Rxf7 Bxd2 29. Ra7 Bb4 30. Nd2 Bxd2 31. Kxd2 Rb8 32. Rxa6 Rxb2+ 33. Kc3 Rxg2 34. Rxd6 Ra8 35. Kd4 Ra2 36. Ke5 Re8+ 37. Kf6 Rxa5 38. Rd7 Ra6+ 39. d6 Rf8+ 40. Ke6 Ra4 41. Rc7 Rd4 42. d7 Rxd3 43. Rc8 Kg7 44. Rc7 Kh6 45. Ke7 Rff3 46. Rc6 Rfe3+ 47. Kd8 Rd4 0-1


[Site "https://www.chess.com"]